 Dungeon Crawl Stone Soup version 0.28.0-53-g5a82cb258f (webtiles) character file.

Game seed: 4353981233488070062

4454 cbfl8 the Cleaver (level 10, -8/129 HPs)
             Began as a Minotaur Berserker on July 26, 2022.
             Was a Priest of Trog.
             Mangled by an orc warlord
             ... wielding a +0 war axe
              (30 damage)
             ... in a bailey.
             The game lasted 00:09:57 (7257 turns).

cbfl8 the Cleaver (Minotaur Berserker)              Turns: 7257, Time: 00:09:57

Health: -8/129     AC: 19    Str: 23    XL:     10   Next: 15%
Magic:  9/9        EV:  5    Int:  4    God:    Trog [***...]
Gold:   470        SH: 14    Dex: 13    Spells: 9/9 levels left

rFire   . . .      SeeInvis .   y - +1 war axe (venom)
rCold   + . .      Faith    .   s - +0 tower shield
rNeg    . . .      Spirit   .   G - +0 plate armour
rPois   .          Reflect  .   l - +2 hat
rElec   .          Harm     .   k - +0 cloak
rCorr   .          Rampage  .   x - +0 pair of gloves
Will    .....                   g - +0 pair of boots
Stlth   ..........              F - amulet of the acrobat
HPRegen 0.31/turn               D - ring of protection from cold
MPRegen 0.11/turn               (no ring)

@: berserking (expiring), very quick
A: horns 2, retaliatory headbutt
a: Renounce Religion, Berserk, Trog's Hand


You were in a bailey.
You worshipped Trog.
Trog was most pleased with you.
You visited 1 branch of the dungeon, and saw 8 of its levels.
You also visited: Bailey.

You collected 470 gold pieces.

Inventory:

Hand Weapons
 a - a +0 hand axe
 p - a +4 hand axe
 y - a +1 war axe of venom (weapon)
Armour
 b - a +0 animal skin
 g - a +0 pair of boots (worn)
 h - a +0 ring mail
 k - a +0 cloak (worn)
 l - a +2 hat (worn)
 s - a +0 tower shield (worn)
 t - a +0 chain mail
 x - a +0 pair of gloves (worn)
 G - a +0 plate armour (worn)
Jewellery
 D - a ring of protection from cold (left hand)
 F - an amulet of the acrobat (around neck)
Wands
 q - a wand of iceblast (7) (quivered)
 B - a wand of paralysis (4)
Scrolls
 c - 2 scrolls of brand weapon
 d - a scroll of magic mapping
 e - a scroll of immolation {unknown}
 m - 2 scrolls of noise
 n - 2 scrolls of fear
 o - 6 scrolls of teleportation
 C - 3 scrolls of enchant weapon
 E - a scroll of fog
 J - a scroll of enchant armour {unknown}
 K - a scroll of summoning {unknown}
Potions
 f - a potion of curing {unknown}
 i - 3 potions of attraction
 j - 2 potions of cancellation {unknown}
 r - a potion of lignification {unknown}
 u - 3 potions of magic
 v - a potion of resistance {unknown}
 w - a potion of heal wounds {unknown}
 z - a potion of ambrosia {unknown}
 A - a potion of degeneration {unknown}
 H - a potion of haste {unknown}
 I - 2 potions of invisibility {unknown}


   Skills:
 + Level 7.3 Fighting
 + Level 10.4 Axes
 + Level 8.2 Armour
 + Level 4.8 Dodging
 + Level 1.1 Stealth
 + Level 6.4 Shields
 * Level 5.2 Evocations


You had 9 spell levels left.
You didn't know any spells.
Your spell library was empty.

Dungeon Overview and Level Annotations

Branches:
Dungeon (8/15)             Temple (0/1) D:5          Bailey (1/1)
   Lair: D:8-11

Altars:
Cheibriados
Elyvilon
Gozag
Wu Jian


Innate Abilities, Weirdness & Mutations

You have a pair of horns on your head.
You reflexively headbutt those who attack you in melee.


Message History

You slash the orc warlord!
The orc warlord looks as sick as possible!
Your headbutt misses the orc warlord.
The orc warlord is heavily wounded.
The orc warlord hits you with a +0 war axe!!
Unknown command.
You are too injured to fight recklessly!
Unknown command.
Unknown command.
You are too injured to fight recklessly!
Unknown command.
You are too injured to fight recklessly!
Unknown command.
You are too injured to fight recklessly!
Unknown command.
You are too injured to fight recklessly!
You closely miss the orc warlord. Your headbutt misses the orc warlord.
The orc warlord is heavily wounded.
You block the orc warlord's attack.
You barely miss the orc warlord. Your headbutt misses the orc warlord.
The orc warlord is heavily wounded.
The orc warlord hits you with a +0 war axe.
You slash the orc warlord!
The orc warlord looks as sick as possible!
Your headbutt misses the orc warlord.
The orc warlord is heavily wounded.
The orc warlord hits you with a +0 war axe!!
* * * LOW HITPOINT WARNING * * *
You closely miss the orc warlord.
The orc warlord is severely wounded.
The orc warlord hits you with a +0 war axe.
* * * LOW HITPOINT WARNING * * *
You hit the orc warlord.
The orc warlord looks as sick as possible!
The orc warlord is severely wounded.
Your skin stops crawling.
You feel less strong-willed.
You barely miss the orc warlord. You headbutt the orc warlord!
The orc warlord is severely wounded.
The orc warlord hits you with a +0 war axe!!
You die...

≈#..........#≈)≈≈≈#..........#
≈#..8..8...())))..'..........#
≈#.......)#########......8...#
≈##......##≈≈≈#≈≈≈####......##
..##.....#≈[.....≈#≈≈#.....##
...##..(.#≈?........≈#....##
....#(...##8.8...8.8≈##...#
....'.....#....o....≈≈'...#
∩...'.....#....∩@...≈≈'...#
....'.....#.........≈≈'...#
....#((..##8.8...8.8≈##...#
...##..).#≈?........≈#....##
..##.....#≈).....≈#≈≈#.....##
≈##.(.()(##≈≈≈#≈≈≈####......##
≈#...).(..#########......8...#
≈#..8..8....'.....'..........#
≈#..........#≈≈≈≈≈#..........#


You could see an orc warlord (extremely poisoned).

Vanquished Creatures
  An orc knight (Bailey)
  Maggie (D:7)
  Grinder (D:3)
  3 yaks (D:6)
  Eustachio (D:6)
  Menkaure (D:5)
  A water moccasin (D:8)
  2 black bears
  A sky beast (D:5)
  A hornet zombie (D:6)
  2 orc warriors (Bailey)
  4 ice beasts
  3 ogres
  2 centaurs
  Blork the orc (D:6)
  2 kobold brigands
  A bullfrog (D:7)
  A gnoll sergeant (D:8)
  2 scorpions
  A water moccasin skeleton (D:6)
  2 centaur zombies
  A jelly (D:6)
  Crazy Yiuf (D:7)
  5 orc priests
  3 hounds
  Jessica (D:2)
  An iguana (D:5)
  Ijyb (D:3)
  5 orc wizards
  A killer bee zombie (D:7)
  Robin (D:3)
  10 gnolls
  8 adders
  A white imp (D:7)
  A worm (D:4)
  2 dart slugs
  21 orcs
  6 bats
  7 endoplasms
  6 giant cockroaches
  12 hobgoblins
  3 jackals (D:1)
  A quokka (D:1)
  12 ball pythons
  4 frilled lizards
  15 goblins
  26 kobolds
  7 rats
196 creatures vanquished.

Vanquished Creatures (others)
  3 fungi (D:7)
3 creatures vanquished.

Grand Total: 199 creatures vanquished

Notes
Turn   | Place    | Note
-------+----------+-------------------------------------------
     0 | D:1      | cbfl8 the Minotaur Berserker began the quest for the Orb.
     0 | D:1      | Reached XP level 1. HP: 19/19 MP: 0/0
     5 | D:1      | Noticed a merfolk zombie
    15 | D:1      | Noticed a demonspawn zombie
   156 | D:1      | Reached XP level 2. HP: 24/27 MP: 1/1
   211 | D:1      | Reached skill level 4 in Axes
   646 | D:1      | Reached ** piety under Trog
   740 | D:1      | Reached XP level 3. HP: 28/34 MP: 2/2
  1074 | D:2      | Noticed Jessica
  1084 | D:2      | Killed Jessica
  1294 | D:2      | Reached XP level 4. HP: 36/41 MP: 3/3
  1404 | D:2      | Reached skill level 5 in Axes
  2016 | D:3      | Reached XP level 5. HP: 42/47 MP: 4/4
  2054 | D:3      | Reached *** piety under Trog
  2110 | D:3      | Noticed Robin
  2111 | D:3      | Noticed Ijyb
  2122 | D:3      | Killed Ijyb
  2123 | D:3      | Reached skill level 5 in Fighting
  2142 | D:3      | Killed Robin
  2188 | D:3      | Noticed Grinder
  2199 | D:3      | Killed Grinder
  2200 | D:3      | Reached skill level 6 in Axes
  2200 | D:3      | Reached XP level 6. HP: 30/56 MP: 5/5
  2409 | D:3      | Reached XP level 7. HP: 55/61 MP: 6/6
  2590 | D:3      | Reached skill level 1 in Shields
  3047 | D:4      | Reached skill level 7 in Axes
  3083 | D:4      | Reached skill level 1 in Evocations
  3459 | D:4      | Reached skill level 5 in Armour
  3459 | D:4      | Reached skill level 1 in Stealth
  3577 | D:4      | Found a snail-covered altar of Cheibriados.
  3652 | D:5      | Entered Level 5 of the Dungeon
  3698 | D:5      | Reached **** piety under Trog
  3761 | D:5      | Noticed Menkaure
  3768 | D:5      | Killed Menkaure
  3769 | D:5      | Reached XP level 8. HP: 70/70 MP: 7/7
  3772 | D:5      | Reached skill level 8 in Axes
  4248 | D:5      | Found a staircase to the Ecumenical Temple.
  4519 | D:6      | Noticed Eustachio
  4522 | D:6      | Killed Eustachio
  4561 | D:6      | Found an opulent altar of Gozag.
  4660 | D:6      | Reached XP level 9. HP: 78/78 MP: 8/8
  4667 | D:6      | Reached skill level 9 in Axes
  4708 | D:6      | Noticed Blork the orc
  4716 | D:6      | Killed Blork the orc
  4727 | D:6      | Reached skill level 5 in Shields
  5227 | D:7      | Noticed Maggie
  5236 | D:7      | Killed Maggie
  5552 | D:7      | Found an ornate altar of the Wu Jian Council.
  6306 | D:7      | Found a white marble altar of Elyvilon.
  6539 | D:7      | Found a runed translucent door.
  6540 | D:7      | Noticed Crazy Yiuf
  6549 | D:7      | Killed Crazy Yiuf
  6672 | D:8      | Reached skill level 10 in Axes
  6877 | D:8      | Found a flagged portal.
  6892 | Bailey   | Entered a bailey
  6940 | Bailey   | Noticed an orc warlord
  6990 | Bailey   | Noticed an orc knight
  7001 | Bailey   | Killed an orc knight
  7002 | Bailey   | Reached skill level 5 in Evocations
  7002 | Bailey   | Reached XP level 10. HP: 86/86 MP: 9/9
  7130 | Bailey   | Found a runed translucent gate.
  7130 | Bailey   | Found a runed translucent gate.
  7130 | Bailey   | Found a runed translucent gate.
  7257 | Bailey   | Mangled by an orc warlord

Illustrated notes

Levels and vault maps discovered:
D:1:      shiori_arrival_whats_in_store_for_you, layout_basic,
          kennysheep_nondescript, minmay_unequal
D:2:      layout_basic, minmay_pentomino_pile, uniq_jessica
D:3:      layout_rooms, uniq_robin, uniq_grinder, uniq_ijyb
D:4:      black_bear_nest_1, layout_cave_pools, slow_altar_2
D:5:      layout_basic, minmay_temple_entry_glass, uniq_menkaure
D:6:      layout_cave_pools, mainiacjoe_overflow_catwalk, uniq_eustachio,
          uniq_blork_the_orc
D:7:      layout_basic, nicolae_wu_jian_wuxing_cycle,
          mainiacjoe_overflow_alcove_4, uniq_maggie, uniq_crazy_yiuf_cottage
D:8:      layout_loops_ring, enter_bailey_2, kennysheep_cluttered_room
Bailey:   bailey_axe_bossmonster_kennysheep, bailey

Skill      XL: |  1  2  3  4  5  6  7  8  9 |
---------------+----------------------------+-----
Axes           | 4 5 6 7 8 10 | 10.4
Fighting       | 4 5 6 7 |  7.3
Armour         | 3 4 5 6 8 |  8.2
Dodging        | 3 4 |  4.8
Shields        | 1 4 6 |  6.4
Evocations     | 2 3 5 |  5.2
Stealth        | 1 |  1.1

Action                   |  1- 3 |  4- 6 |  7- 9 | 10-12 || total
-------------------------+-------+-------+-------+-------++-------
Melee: Hand axe          |    71 |    90 |   137 |       ||   298
       Headbutt          |     8 |    14 |    48 |     3 ||    73
       Punch             |     2 |     1 |       |       ||     3
       War axe           |       |       |   108 |    25 ||   133
Invok: Berserk           |     1 |     1 |     6 |     1 ||     9
       Trog's Hand       |       |     1 |       |     1 ||     2
       Brothers in Arms  |       |       |       |     1 ||     1
Evoke: Wand              |       |       |     7 |       ||     7
  Use: Scroll            |       |       |    10 |       ||    10
Armor: Animal skin       |    10 |       |       |       ||    10
       Ring mail         |     9 |    50 |     3 |       ||    62
       Chain mail        |       |       |   114 |       ||   114
Dodge: Dodged            |    44 |    76 |    46 |     2 ||   168
Block: Tower shield      |       |       |   199 |    13 ||   212
